[Event "Late-Titled-Tuesday-Blitz-September-05-2023"]
[Site "Chess.com"]
[Date "2023.09.05"]
[Round "11"]
[White "talaicito"]
[Black "PawnEatingZombie"]
[Result "1-0"]
[WhiteElo "2260"]
[BlackElo "2098"]
[TimeControl "180+1"]
[EndTime "16:05:17 PDT"]
[Termination "talaicito won by checkmate"]

1. g3 c5 2. Bg2 Nc6 3. b3 g6 4.
Bb2 Nf6 5. d3 Bg7 6. Nd2 O-O 7. e3 d6 8. Ne2 e5 9. h3 Ne8 10. a3 f5 11. c4 g5 12. h4 g4 13.
Qc2 Be6 14. h5 h6 15. O-O-O Qd7 16. d4 exd4 17. Nf4 Bf7 18. Ng6 dxe3 19. fxe3 Rb8 20. Nxf8 Kxf8 21. Rhf1 Ne7 22. e4 b5 23. exf5 Nf6 24.
Bxf6 Bxf6 25. Ne4 Bd4 26. Rxd4 cxd4 27. Qd2 Ng8 28. Qxd4 bxc4 29. bxc4 d5 30. Nc5 Qc7 31. Ne6+ Bxe6 32. fxe6+ Ke8 33. Bxd5 Qxg3 34. e7 Nxe7 35. Bf7+ Kf8 36. Qh8+ Ng8 37. Bxg8+ Ke7 38. Qg7+ Kd6 39.
Qxh6+ Kc5 40. Qg5+ Kb6 41. Rf6+ Kb7 42. Bd5+ Kc7 43.
Qg7+ Kc8 44. Rf8# 1-0

[Event "Late-Titled-Tuesday-Blitz-September-05-2023"]
[Site "Chess.com"]
[Date "2023.09.05"]
[Round "11"]
[White "canary2016"]
[Black "AlexNovitz"]
[Result "1-0"]
[WhiteElo "2082"]
[BlackElo "2201"]
[TimeControl "180+1"]
[EndTime "16:05:17 PDT"]
[Termination "canary2016 won on time"]

1. e4 e6 2. Nf3 d5 3. e5 c5 4. b4 b6 5. c3 Bd7 6. a3 Nc6 7. d4 h5 8. Bb5 Nh6 9. Qa4 Qc7 10. Be3 c4 11. Nbd2 a6 12. Bxc6 Bxc6 13. Qc2 Nf5 14. O-O Be7 15. Bg5 f6 16. exf6 gxf6 17. Be3 h4 18.
Rfe1 O-O-O 19. Nf1 Nxe3 20. Rxe3 Bd7 21. Rae1 Bd6 22.
Qg6 Bf4 23. R3e2 Rdf8 24. h3 Kb7 25. N1h2 Rhg8 26. Qc2 Bxh2+ 27. Nxh2 e5 28. dxe5 Bxh3 29. f3 Rf7 30. exf6 Rxf6 31. Re7 Bd7 32. Qd2 h3 33. Qxd5+ Kb8 34. Ng4 Rxg4 35. fxg4 Qg3 36. Qg8+ Kc7 37.
Rxd7+ Kxd7 38. Qe8+ 1-0

[Event "Late-Titled-Tuesday-Blitz-September-05-2023"]
[Site "Chess.com"]
[Date "2023.09.05"]
[Round "11"]
[White "KejJaj"]
[Black "BeautiFullMindChess"]
[Result "0-1"]
[WhiteElo "2214"]
[BlackElo "2338"]
[TimeControl "180+1"]
[EndTime "16:05:22 PDT"]
[Termination "BeautiFullMindChess won by resignation"]

1. d4 Nf6 2. Bf4 d5 3. e3 e6 4. Nf3 Bd6 5. Nbd2 O-O 6. Bg3 c5 7. c3 Qc7 8. Ne5 Nbd7 9. Nxd7 Bxd7 10. Bxd6 Qxd6 11. f4 cxd4 12. cxd4 Rfc8 13. Bd3 a6 14.
O-O Qb4 15. Nb3 Bb5 16. a3 Qd6 17. Bxb5 axb5 18. Qe2 b4 19. a4 Rc4 20. a5 Ne4 21. Rfc1 Rac8 22. h3 f5 23. Nc5 R8xc5 24. dxc5 Qxc5 25.
Rxc4 dxc4 26. a6 bxa6 27. Rxa6 c3 28. bxc3 bxc3 29. Ra8+ Kf7 30. Qh5+ Kf6 31. Qh4+ Kg6 32. Rh8 Qxe3+ 33. Kh2 h6 34. Qe7 Qxf4+ 35. Kg1 Qf2+ 36. Kh2 Qf4+ 37. Kg1 c2 38. Qxe6+ Nf6 39. Qc6 c1=Q+ 0-1

[Event "Late-Titled-Tuesday-Blitz-September-05-2023"]
[Site "Chess.com"]
[Date "2023.09.05"]
[Round "11"]
[White "Djager97"]
[Black "Leo_C"]
[Result "1/2-1/2"]
[WhiteElo "2535"]
[BlackElo "2645"]
[TimeControl "180+1"]
[EndTime "16:05:26 PDT"]
[Termination "Game drawn by repetition"]

1. e4 c5 2. Nf3 e6 3. g3 Nc6 4. Bg2 Nf6 5. Nc3 d5 6. exd5 exd5 7. d4 Bg4 8. O-O Nxd4 9. Qe1+ Be7 10. Nxd4 cxd4 11.
Ne2 Qb6 12. Qd2 Ne4 13. Qd3 Nc5 14. Qxd4 Bxe2 15. Re1 Bc4 16. Qxg7 Rf8 17. b3 Ne6 18. Rxe6 Qxe6 19. bxc4 Bf6 20. Qxh7 Qe1+ 21. Bf1 Bxa1 22. Bg5 Qe5 23. Bf4 Qe6 24. cxd5 Qxd5 25. c4 Qe6 26. Qh4 Bf6 27. Qh5 O-O-O 28. Qc5+ Qc6 29. Qxa7 Kd7 30.
Bh3+ Ke8 31. Qe3+ Be7 32. Bg5 f6 33. Bf4 Rd1+ 34. Bf1 Rxf1+ 35. Kxf1 Qxc4+ 36. Kg1 Kf7 37. Qf3 Rd8 38. Qh5+ Kg8 39. Qg6+ Kh8 40. Qh6+ Kg8 41. Qg6+ Kh8 42. Qh6+ Kg8 43. Qg6+ 1/2-1/2

[Event "Late-Titled-Tuesday-Blitz-September-05-2023"]
[Site "Chess.com"]
[Date "2023.09.05"]
[Round "11"]
[White "Mesa_1"]
[Black "SaqoChess_Twitch"]
[Result "0-1"]
[WhiteElo "2624"]
[BlackElo "2752"]
[TimeControl "180+1"]
[EndTime "16:05:27 PDT"]
[Termination "SaqoChess_Twitch won by resignation"]

1. e4 c5 2. Nf3 d6 3. d4 cxd4 4. Nxd4 Nf6 5. Nc3 g6 6. Be3 Bg7 7. f3 O-O 8. Qd2 Nc6 9. O-O-O d5 10. exd5 Nxd5 11. Nxc6 bxc6 12. Bd4 Nxc3 13. Qxc3 Bh6+ 14. Be3 Bxe3+ 15. Qxe3 Qb6 16. Qc3 Be6 17. h4 Rfd8 18. Bd3 Qd4 19. Qxd4 Rxd4 20. h5 Rad8 21. hxg6 hxg6 22.
Be4 c5 23. b3 a5 24. Rxd4 cxd4 25. Re1 Kg7 26. Bd3 Kf6 27. f4 Bd5 28. Re5 e6 29. Re2 Ra8 30. a4 Rc8 31. Kd2 Ke7 32. Be4 Kd6 33.
Bxd5 exd5 34. Rf2 Rc3 35. Rf3 Rc8 36. f5 g5 37. f6 Ke5 38. g4 Rc6 39. Rf5+ Ke4 40.
Rxg5 Rxf6 41. Ke2 Rh6 42. Rh5 Rg6 43. Rh4 Rg5 44. Rh7 Rxg4 45. Rxf7 Rg2+ 46. Kd1 d3 47. cxd3+ Kxd3 48. Rf3+ Kd4 49. Kc1 Kc5 50. Rd3 d4 51.
Kd1 Rf2 52. Kc1 Kd5 53. Kd1 Ke4 54. Rh3 d3 55. Rh8 Kd4 56. Rc8 Rb2 57. Rc4+ Ke3 58.
Kc1 Rh2 59. Rc8 Rh1+ 60. Kb2 d2 61. Re8+ Kf4 62. Rd8 d1=Q 63. Rxd1 Rxd1 64. Kc3 Ke5 65. Kc4 Rd5 66. b4 axb4 67. Kxb4 Kd6 0-1

[Event "Late-Titled-Tuesday-Blitz-September-05-2023"]
[Site "Chess.com"]
[Date "2023.09.05"]
[Round "11"]
[White "JackRodgers"]
[Black "Eloist"]
[Result "1-0"]
[WhiteElo "2599"]
[BlackElo "2470"]
[TimeControl "180+1"]
[EndTime "16:05:27 PDT"]
[Termination "JackRodgers won on time"]

1. d4 e6 2. c4 Nf6 3. Nf3 b6 4. g3 Bb7 5. Bg2 Be7 6. O-O O-O 7. Nc3 Ne4 8. Qc2 Nxc3 9. Qxc3 f5 10. b3 Bf6 11. Bb2 d6 12. Rac1 Nd7 13. Rfe1 Be4 14. e3 c5 15. Qd2 Qe7 16. Red1 Rad8 17.
dxc5 Nxc5 18. Bxf6 Qxf6 19. Ne1 Bxg2 20. Kxg2 d5 21.
cxd5 Rxd5 22. Qe2 Rfd8 23. Rxd5 Rxd5 24. Rd1 Qd8 25. Rxd5 Qxd5+ 26. Qf3 Ne4 27. Nc2 Qd3 28. Nd4 Nd2 29. Qe2 Qxe2 30. Nxe2 e5 31. f4 Kf7 32.
fxe5 Ke6 33. Nd4+ Kxe5 34. Nc6+ Ke4 35. Nxa7 Kxe3 36. Nc8 g5 37. Nxb6 Kd4 38. Kf2 Ne4+ 39. Kf3 Nc3 40. a4 Kc5 41. Nc4 Kb4 42. Nd6 Kxb3 43. a5 1-0

[Event "Late-Titled-Tuesday-Blitz-September-05-2023"]
[Site "Chess.com"]
[Date "2023.09.05"]
[Round "11"]
[White "boldpilot22622"]
[Black "wild3000"]
[Result "0-1"]
[WhiteElo "2488"]
[BlackElo "2368"]
[TimeControl "180+1"]
[EndTime "16:05:28 PDT"]
[Termination "wild3000 won by resignation"]

1. e4 a6 2. d4 e6 3. Nc3 b5 4.
a3 Bb7 5. Bd3 c5 6. d5 Nf6 7. Bg5 h6 8. Bh4 c4 9. Be2 Qb6 10. Nf3 Bc5 11. O-O O-O 12. Bxf6 gxf6 13. Qd2 Kg7 14. Qf4 Rh8 15. e5 f5 16. d6 Nc6 17. Rad1 Rag8 18. Nh4 Kf8 19. Bf3 Rg5 20. g3 Nd8 21. Bxb7 Qxb7 22. Qf3 Rg4 23. Qxb7 Nxb7 24. h3 Rd4 25. Kh2 Rg8 26. Nf3 Rxd1 27. Nxd1 f6 28. exf6 Bxd6 29. c3 Kf7 30. Ne3 Kxf6 31. Rd1 Ke7 32. Kg2 f4 33. Ng4 h5 34. Nge5 Nc5 35.
Rd4 fxg3 36. fxg3 Nd3 37. Nxd3 Rxg3+ 38. Kf2 cxd3 39. h4 Bc7 40. Rxd3 d5 41. Nd4 Rxd3 0-1

[Event "Late-Titled-Tuesday-Blitz-September-05-2023"]
[Site "Chess.com"]
[Date "2023.09.05"]
[Round "11"]
[White "FaustinoOro"]
[Black "wanyaland"]
[Result "1-0"]
[WhiteElo "2853"]
[BlackElo "2376"]
[TimeControl "180+1"]
[EndTime "16:05:29 PDT"]
[Termination "FaustinoOro won on time"]

1. e4 c5 2. Nf3 e6 3. d4 cxd4 4.
Nxd4 Nc6 5. Nc3 Qc7 6. Be3 a6 7. Qf3 Nf6 8. O-O-O Bb4 9. a3 Bxc3 10. bxc3 Ne5 11.
Qg3 O-O 12. Bf4 d6 13. Qe3 Bd7 14. Nb3 Rfc8 15. f3 a5 16. Kb2 a4 17. Nc1 b5 18.
Na2 Be8 19. Be2 Nfd7 20. Nb4 Nb6 21. Bxe5 dxe5 22. Rd2 Qe7 23. Rhd1 Rc5 24. Rd6 Nc4+ 25. Bxc4 Rxc4 26. R6d3 Rac8 27. Qd2 h6 28. Re3 Qc5 29.
Rd3 Kh7 30. Rd8 Qe7 31. Rxc8 Rxc8 32. Qe3 Qh4 33. h3 Qe7 34. Rd2 Qc7 35. g3 Qc4 36. f4 Bc6 37. fxe5 Bxe4 38. Rd4 Bd5 39. Rxc4 Rxc4 40. Qd3+ Kg8 41. Nxd5 exd5 42. Qxd5 1-0

[Event "Late-Titled-Tuesday-Blitz-September-05-2023"]
[Site "Chess.com"]
[Date "2023.09.05"]
[Round "11"]
[White "CFalcons8"]
[Black "copanchess"]
[Result "1-0"]
[WhiteElo "2326"]
[BlackElo "2173"]
[TimeControl "180+1"]
[EndTime "16:05:31 PDT"]
[Termination "CFalcons8 won by checkmate"]

1. e4 e5 2. d4 exd4 3. Qxd4 Nc6 4. Qc4 Nf6 5. Nc3 Bb4 6. Bd2 O-O 7. a3 d5 8. exd5 Re8+ 9. Be2 Bxc3 10. Bxc3 Nxd5 11. O-O-O Be6 12. Bf3 Nxc3 13. Qxc3 Qg5+ 14.
Kb1 Ne5 15. h4 Qf5 16. Bxb7 Rab8 17. Bd5 Red8 18. Nf3 Bxd5 19. Qxe5 Qxe5 20. Nxe5 Bxg2 21. Rhg1 Rxd1+ 22. Rxd1 Be4 23. Rd7 f6 24. Nc4 c5 25.
Rxa7 Rd8 26. Kc1 Bf5 27. Ne3 Be4 28. b4 g5 29. hxg5 cxb4 30. gxf6 bxa3 31. Rxa3 Kf7 32. Ra6 Rc8 33. Kd2 h5 34. c4 h4 35. Ng4 h3 36.
Ne5+ Kf8 37. f3 Rd8+ 38. Ke3 Bf5 39. Kf4 Bc8 40. Ra1 Rd2 41. Kg5 h2 42. Ng6+ Kg8 43.
Ne7+ Kf7 44. Nxc8 Rg2+ 45. Kf5 Rg1 46. Nd6+ Kf8 47. Ra8# 1-0

[Event "Late-Titled-Tuesday-Blitz-September-05-2023"]
[Site "Chess.com"]
[Date "2023.09.05"]
[Round "11"]
[White "ContrVersia"]
[Black "KaydenTroffChess"]
[Result "1-0"]
[WhiteElo "2903"]
[BlackElo "2799"]
[TimeControl "180+1"]
[EndTime "16:05:33 PDT"]
[Termination "ContrVersia won by resignation"]

1. Nf3 Nf6 2. c4 g6 3. g3 Bg7 4. Bg2 O-O 5. O-O c6 6. d4 d5 7.
Nbd2 Nbd7 8. b3 b6 9. Bb2 Bb7 10.
Qc2 Rc8 11. e4 dxe4 12. Nxe4 Nxe4 13. Qxe4 Nf6 14. Qe2 Re8 15. Ne5 Qc7 16. Rfe1 Rcd8 17. Qf3 Rc8 18. g4 h6 19. h4 e6 20. Bc1 Rf8 21.
Bxh6 Bxh6 22. Qxf6 Bg7 23. Qf3 Qd8 24. h5 gxh5 25.
gxh5 Qh4 26. Re4 Qf6 27. Qxf6 Bxf6 28. Nd7 Bg7 29. Nxf8 Rxf8 30. Rd1 Rd8 31. Rg4 Kh7 32. Kf1 Kh6 33. Ke2 Rd7 34. Bf3 Re7 35. Rdg1 Bf6 36. Ke3 Rd7 37. b4 Be7 38. a3 Bf6 39. c5 bxc5 40.
bxc5 Rc7 41. Rg6+ fxg6 42. Rxg6+ Kh7 43. Rxf6 Bc8 44. Kf4 Rg7 45. Be4+ Kg8 46. Bxc6 Re7 47. Be4 Kg7 48. Ke5 Rc7 49. h6+ Kg8 50. h7+ Kg7 51. Rf8 1-0

[Event "Late-Titled-Tuesday-Blitz-September-05-2023"]
[Site "Chess.com"]
[Date "2023.09.05"]
[Round "11"]
[White "Rinqed222"]
[Black "Kostukov_Alex"]
[Result "0-1"]
[WhiteElo "2227"]
[BlackElo "2384"]
[TimeControl "180+1"]
[EndTime "16:05:33 PDT"]
[Termination "Kostukov_Alex won by checkmate"]

1. e4 c5 2. Nc3 g6 3. f4 Bg7 4.
Nf3 Nc6 5. Bb5 Nd4 6. O-O e6 7. e5 a6 8. Bd3 d5 9. Nxd4 cxd4 10. Ne2 f6 11. exf6 Nxf6 12. Kh1 Ne4 13. c3 Nc5 14.
Bb1 d3 15. Ng3 a5 16. Qf3 b6 17. Re1 O-O 18. Bxd3 e5 19. Bc2 e4 20. Qf2 Qd6 21.
Ne2 Ba6 22. g3 g5 23. f5 Bd3 24. Bd1 h5 25. Nd4 g4 26. b4 axb4 27. cxb4 Nd7 28. Bb2 Qxb4 29. Bc3 Qc5 30. Qe3 Ne5 31. Ne6 Qxe3 32.
Rxe3 Rxf5 33. Bb3 Bh6 34. Bxd5 Bxe3 35. dxe3 Rc8 36. Nd4+ Rf7 37. Bxf7+ Kxf7 38. Bb2 Nc4 39. Bc3 Nxe3 40. Bb2 Nc2 41. Nxc2 Rxc2 42. Bd4 Be2 43. Kg1 Bf3 44. Bf2 Ke6 45. Rb1 Rxa2 46. Rxb6+ Kd5 47.
Rb5+ Kc4 48. Rc5+ Kd3 49. Rc1 e3 50. Be1 Rg2+ 51. Kf1 e2# 0-1

[Event "Late-Titled-Tuesday-Blitz-September-05-2023"]
[Site "Chess.com"]
[Date "2023.09.05"]
[Round "11"]
[White "Murad_Ibrahimli"]
[Black "cassoulet"]
[Result "0-1"]
[WhiteElo "2894"]
[BlackElo "2762"]
[TimeControl "180+1"]
[EndTime "16:05:37 PDT"]
[Termination "cassoulet won by resignation"]

1. e4 c5 2. Nf3 Nc6 3. d4 cxd4 4. Nxd4 Nf6 5. Nc3 e6 6. Nxc6 bxc6 7. e5 Nd5 8. Ne4 Bb7 9. a3 Qa5+ 10. Bd2 Qc7 11.
f4 c5 12. Qe2 Qc6 13. Nc3 Be7 14. O-O-O O-O 15. Nxd5 exd5 16. f5 Rfe8 17. g4 Bf6 18. exf6 Rxe2 19. Bxe2 Qxf6 20. Rhe1 d4 21. Bd3 Bf3 22.
g5 Qc6 23. Be2 Be4 24. Bb5 Qd5 25. f6 Qa2 26. Bf4 Qa1+ 27. Kd2 Qxb2 28. Rxe4 Qxb5 29.
Rde1 d5 30. Re7 gxf6 31. gxf6 c4 32. R1e2 h6 33. Rg2+ Kh8 34. Rxf7 c3+ 35. Ke1 Qb1+ 36. Kf2 Qxc2+ 37. Kg1 Qd1+ 38. Kf2 Re8 39. Rgg7 Qe1+ 40. Kf3 Qf1+ 41. Kg4 Qg2+ 42. Kh4 Qf2+ 43. Bg3 Qf5 44. Re7 Qxf6+ 45. Kh5 Rxe7 0-1

[Event "Late-Titled-Tuesday-Blitz-September-05-2023"]
[Site "Chess.com"]
[Date "2023.09.05"]
[Round "11"]
[White "ninguno46"]
[Black "cthulhuuu"]
[Result "1-0"]
[WhiteElo "2602"]
[BlackElo "2464"]
[TimeControl "180+1"]
[EndTime "16:05:37 PDT"]
[Termination "ninguno46 won by resignation"]

1. c4 Nf6 2. Nf3 g6 3. Nc3 Bg7 4. e4 d6 5. d4 O-O 6. Be2 e5 7. O-O exd4 8. Nxd4 Re8 9. f3 Nbd7 10. Kh1 a5 11. Bg5 h6 12. Bh4 Nc5 13. Ndb5 g5 14. Bf2 Ne6 15. Re1 Nd7 16. Rc1 Ne5 17. Rc2 Bd7 18. Rd2 b6 19. Nd5 Bxb5 20. cxb5 Nc5 21. Ne3 Ng6 22. Nf5 Qf6 23. Bd4 Ne5 24. Bc3 Ne6 25. g3 Bh8 26. Rf1 Qg6 27. f4 Nd7 28.
Bh5 Qh7 29. Bxh8 Qxh8 30. e5 Ndc5 31. exd6 cxd6 32. Nxd6 Re7 33. f5 Ng7 34. f6 Nxh5 35.
fxe7 Qe5 36. Re2 Nxg3+ 37. hxg3 Qxg3 38. e8=Q+ Rxe8 39. Rxe8+ Kh7 40. Rxf7+ Kg6 41. Qc2+ Nd3 42. Re6+ Kh5 43. Qh2+ Qxh2+ 44. Kxh2 Nc5 45. Re3 g4 46.
Re5+ Kh4 47. Nf5+ Kg5 48. Nd4+ Kg6 49. Rxc5 bxc5 50. b6 cxd4 51. Rd7 h5 52. b7 h4 53. b8=Q g3+ 54. Kh3 g2 55. Kxg2 1-0

[Event "Late-Titled-Tuesday-Blitz-September-05-2023"]
[Site "Chess.com"]
[Date "2023.09.05"]
[Round "11"]
[White "realburq"]
[Black "Langua_Chess"]
[Result "0-1"]
[WhiteElo "2395"]
[BlackElo "2491"]
[TimeControl "180+1"]
[EndTime "16:05:38 PDT"]
[Termination "Langua_Chess won by resignation"]

1. e4 c6 2. Nc3 d5 3. Nf3 Bg4 4.
h3 Bxf3 5. Qxf3 e6 6. d3 Nf6 7. g3 d4 8. Nb1 c5 9. Bg2 Nc6 10. O-O Be7 11. Nd2 h5 12. a4 h4 13.
g4 e5 14. Nc4 Nd7 15. Qe2 g5 16. c3 O-O 17. Bd2 Kg7 18. Qe1 b6 19. Qb1 a6 20.
Rc1 b5 21. axb5 axb5 22. Rxa8 Qxa8 23. Na3 Qa6 24. Bf1 dxc3 25. Bxc3 b4 26. d4 Qb7 27. dxe5 bxc3 28. Rxc3 Ndxe5 29. Nc4 Nxc4 30. Bxc4 Nd4 31. Kg2 Bf6 32. Bd5 Qb6 33. Re3 Be5 34. Ra3 Ne6 35. Kh1 Qxb2 36. Qxb2 Bxb2 37. Ra7 Nf4 38. Bc4 Bd4 39.
Kh2 Bxf2 40. Rd7 Bg3+ 41. Kg1 Nxh3+ 42. Kf1 Nf4 43. e5 h3 44. Bd5 Nxd5 45. Rxd5 Re8 46. Kg1 Rxe5 47. Rxe5 Bxe5 48. Kh1 Bg3 49. Kg1 Kf6 50.
Kf1 Ke5 51. Ke2 Kf4 52. Kd3 Kxg4 53. Kc4 f5 54. Kxc5 f4 55. Kd4 f3 56. Kd3 Kf4 57.
Kd2 Bf2 58. Kd1 g4 59. Kd2 g3 60. Kd3 g2 0-1

[Event "Late-Titled-Tuesday-Blitz-September-05-2023"]
[Site "Chess.com"]
[Date "2023.09.05"]
[Round "11"]
[White "Goryachkina"]
[Black "ural58"]
[Result "0-1"]
[WhiteElo "2670"]
[BlackElo "2561"]
[TimeControl "180+1"]
[EndTime "16:05:39 PDT"]
[Termination "ural58 won on time"]

1. e4 d5 2. exd5 Qxd5 3. Nc3 Qd6 4. d4 c6 5. Nf3 Bf5 6. Bc4 e6 7. O-O Nf6 8. Ne5 Nbd7 9. Bf4 Nxe5 10. Bxe5 Qd8 11.
Ne2 Bd6 12. Ng3 Bg6 13. Qe2 b5 14. Bb3 a5 15. a4 b4 16. Rad1 Qe7 17. Rfe1 O-O 18.
Qf3 Rac8 19. h4 h6 20. h5 Bh7 21. Qf4 Bxe5 22. Rxe5 Rfd8 23. Qf3 Nd5 24. Rde1 Qf6 25. Qxf6 gxf6 26. R5e2 c5 27. dxc5 Rxc5 28. Ne4 Bxe4 29. Rxe4 Ne7 30. Rg4+ Kf8 31. Rf4 f5 32. Kf1 Nc6 33. Rf3 Rd2 34. Rd3 Rxd3 35. cxd3 f4 36. Re4 Rxh5 37. Rxf4 Rh1+ 38. Ke2 Ke7 39. Bc4 f5 40.
Kd2 Kf6 41. d4 Ra1 42. b3 Ra2+ 43. Ke3 Rc2 44. g3 Rc3+ 45. Kd2 h5 46. d5 exd5 47. Bxd5 Ne5 48. Kd1 Rd3+ 0-1

[Event "Late-Titled-Tuesday-Blitz-September-05-2023"]
[Site "Chess.com"]
[Date "2023.09.05"]
[Round "11"]
[White "bazar-wokzal"]
[Black "PepeCuenca"]
[Result "0-1"]
[WhiteElo "2528"]
[BlackElo "2672"]
[TimeControl "180+1"]
[EndTime "16:05:39 PDT"]
[Termination "PepeCuenca won by resignation"]

1. e4 d6 2. f4 Nf6 3. Nc3 e5 4. Nf3 Be7 5. Bc4 exf4 6. d4 Nh5 7. O-O O-O 8. Nd5 Be6 9. Bb3 Re8 10. Nxf4 Nxf4 11.
Bxf4 Bxb3 12. axb3 Nd7 13. Qd3 a6 14. Rf2 Nf6 15. Raf1 c5 16. d5 Ng4 17. Re2 Bf6 18.
c4 Ne5 19. Nxe5 Bxe5 20. Ref2 f6 21. Bxe5 Rxe5 22. Rf5 Qe7 23. Rxe5 Qxe5 24. Qg3 Qxg3 25. hxg3 Re8 26. Rf4 Kf7 27. Kf2 g5 28. Rf3 Rxe4 29.
Rc3 f5 30. Rc1 Kg6 31. b4 cxb4 32. c5 dxc5 33. Rxc5 h5 34. Rc7 Rd4 35. Rxb7 Rxd5 36. Rb6+ Kg7 37. Rxb4 Rd6 38. Ke3 Kf6 39. Rb8 Ke5 40.
Rg8 g4 41. Rh8 Rb6 42. Rxh5 Rb3+ 43. Kf2 Rxb2+ 44. Kg1 Rb7 45. Kf2 a5 46. Rh1 a4 47.
Ra1 Ra7 48. Ra3 Kd4 49. Ke2 Kc4 50. Kd2 Kb4 51. Rd3 a3 52. Rd4+ Kb3 0-1

[Event "Late-Titled-Tuesday-Blitz-September-05-2023"]
[Site "Chess.com"]
[Date "2023.09.05"]
[Round "11"]
[White "vanyakuba"]
[Black "nitpicker"]
[Result "0-1"]
[WhiteElo "2397"]
[BlackElo "2298"]
[TimeControl "180+1"]
[EndTime "16:05:40 PDT"]
[Termination "nitpicker won on time"]

1. e4 c5 2. Nc3 Nc6 3. f4 g6 4. Nf3 Bg7 5. Bc4 e6 6. f5 Nge7 7. fxe6 dxe6 8. d3 a6 9. a3 b5 10.
Ba2 Bb7 11. O-O O-O 12. Bg5 h6 13. Bh4 Qc7 14. Kh1 Nd4 15. Nxd4 cxd4 16. Ne2 Rac8 17. Rc1 Be5 18. Qd2 g5 19. Bxg5 hxg5 20. Qxg5+ Ng6 21. Bxe6 fxe6 22. Qxg6+ Qg7 23. Qxe6+ Kh7 24. Qh3+ Qh6 25. Qd7+ Qg7 26. Qxg7+ Kxg7 27. Kg1 Rh8 28. Nf4 Rc6 29. g3 Rch6 30. Rf2 Bc8 31. Rcf1 Bxf4 32. gxf4 Rg6+ 33. Kh1 Bh3 34. Rg1 Rh6 35. f5 Rxg1+ 36. Kxg1 Kf6 37.
Rf3 Rh5 38. Kf2 Bg4 39. Rf4 Bd1 40. c3 dxc3 41. bxc3 Rxh2+ 42. Kg3 Rd2 43. d4 Rd3+ 44. Kf2 Rxc3 45. e5+ Kg5 46. Re4 Kxf5 47. Re1 Bh5 48. e6 Be8 49. Re5+ Kf6 0-1

[Event "Late-Titled-Tuesday-Blitz-September-05-2023"]
[Site "Chess.com"]
[Date "2023.09.05"]
[Round "11"]
[White "Zhigalko_Sergei"]
[Black "Athanasios2"]
[Result "1-0"]
[WhiteElo "2879"]
[BlackElo "2708"]
[TimeControl "180+1"]
[EndTime "16:05:43 PDT"]
[Termination "Zhigalko_Sergei won on time"]

1. e4 c5 2. Nf3 d6 3. d4 cxd4 4. Qxd4 Nc6 5. Bb5 Bd7 6. Bxc6 Bxc6 7. Nc3 Nf6 8. Bg5 e6 9. O-O-O Be7 10. Rhe1 O-O 11.
Kb1 Qa5 12. Qd2 Qc7 13. Nd4 a6 14. f3 Rfd8 15. g4 Rac8 16. Nce2 b5 17. Ng3 Bb7 18. h4 Ne8 19. Bxe7 Qxe7 20. g5 Rc5 21. f4 Rdc8 22. h5 Qc7 23. Re2 Qb6 24. Qe1 b4 25. g6 Rc4 26. Qg1 Nf6 27. gxf7+ Kxf7 28. Ndf5 Qxg1 29.
Nxd6+ Ke7 30. Nxc8+ Rxc8 31. Rxg1 a5 32. Re3 Ng4 33. Rd3 Nf2 34. Rd4 Nh3 35. Rf1 Ba6 36.
Rf3 Rf8 37. Nf5+ exf5 38. Rxh3 fxe4 39. Rxe4+ Kf7 40. Re5 Rd8 41. Kc1 Bc8 42. Rg3 g6 43.
hxg6+ hxg6 44. Rxa5 Bf5 45. Rb5 Ra8 46. Rxb4 1-0

[Event "Late-Titled-Tuesday-Blitz-September-05-2023"]
[Site "Chess.com"]
[Date "2023.09.05"]
[Round "11"]
[White "Sibelephant"]
[Black "Rud_Makarian"]
[Result "1/2-1/2"]
[WhiteElo "3093"]
[BlackElo "2959"]
[TimeControl "180+1"]
[EndTime "16:05:45 PDT"]
[Termination "Game drawn by repetition"]

1. Nf3 Nf6 2. g3 b5 3. Bg2 Bb7 4. O-O e6 5. b3 b4 6. a3 a5 7. Bb2 Be7 8. d3 O-O 9. Nbd2 d5 10. e4 c5 11. axb4 axb4 12. Rxa8 Bxa8 13. Qa1 Nbd7 14. Ne5 Nxe5 15. Bxe5 Bc6 16. Re1 Qd7 17. exd5 Bxd5 18. Nc4 Ra8 19. Qd1 Bxg2 20. Kxg2 Nd5 21. Qg4 Bf6 22.
Nb6 Qc6 23. Nxd5 Qxd5+ 24. Qe4 Ra2 25. Qxd5 exd5 26. Bxf6 gxf6 27. Re2 Kg7 28. Kf3 f5 29. Ke3 Kf6 30. Kd2 Ra8 31. Re3 h5 32. Rf3 d4 33.
Rf4 Ra1 34. Rh4 Kg5 35. h3 Rh1 36. Ke2 Rg1 37. Rf4 Rh1 38. h4+ Kg6 39. Kd2 Kf6 40.
Ke2 Ke5 41. Kd2 Ra1 42. Rf3 Ra8 43. Rf4 Rg8 44. Ke2 Rg4 45. Rxg4 fxg4 46. Ke1 f5 47. Ke2 f4 48. Ke1 f3 49. Kd2 Kd5 50. Kd1 Ke5 51.
Kd2 Kd5 52. Kd1 Ke5 53. Kd2 1/2-1/2

[Event "Late-Titled-Tuesday-Blitz-September-05-2023"]
[Site "Chess.com"]
[Date "2023.09.05"]
[Round "11"]
[White "DefiantChair"]
[Black "Chessdreamer2020"]
[Result "0-1"]
[WhiteElo "2632"]
[BlackElo "2535"]
[TimeControl "180+1"]
[EndTime "16:05:45 PDT"]
[Termination "Chessdreamer2020 won by resignation"]

1. e4 d6 2. d4 Nf6 3. Nc3 c6 4. f4 d5 5. e5 Ng8 6. Nf3 h5 7. Bd3 Nh6 8. Be3 g6 9. h3 Bf5 10.
Qe2 e6 11. O-O-O h4 12. Bf2 Be7 13. Bxf5 Nxf5 14. Kb1 Nd7 15. Nh2 Qa5 16. Be1 Qc7 17. Nf3 a6 18. Nh2 c5 19. dxc5 Nxc5 20. Ng4 b5 21. a3 Rb8 22. Nf6+ Kf8 23. Bf2 Na4 24. Na2 Kg7 25. Ng4 Rhc8 26. Ne3 Nxe3 27. Bxe3 b4 28.
b3 bxa3 29. Bd4 a5 30. Qd2 Nc5 31. f5 exf5 32. e6+ f6 33. g4 hxg3 34. h4 a4 35.
b4 Ne4 36. Qe1 Qxc2+ 37. Ka1 Nf2 38. Rd2 Qe4 39. Bxf2 gxf2 40. Rxf2 Qd4+ 41. Kb1 Bxb4 42. Nxb4 Rxb4+ 43. Ka2 Rb2+ 44. Kxa3 Rxf2 45. e7 Qb2+ 46. Kxa4 Ra8+ 0-1

[Event "Late-Titled-Tuesday-Blitz-September-05-2023"]
[Site "Chess.com"]
[Date "2023.09.05"]
[Round "11"]
[White "Ducke13"]
[Black "DenishevM"]
[Result "0-1"]
[WhiteElo "2483"]
[BlackElo "2645"]
[TimeControl "180+1"]
[EndTime "16:05:51 PDT"]
[Termination "DenishevM won by checkmate"]

1. d4 Nf6 2. g3 e6 3. c4 d5 4. Nf3 Be7 5. Bg2 O-O 6. O-O dxc4 7. Qc2 a6 8. a4 Bd7 9. Rd1 Bc6 10. Nc3 Nbd7 11.
e4 Nb6 12. a5 Nc8 13. d5 exd5 14. e5 Ne8 15. h4 b5 16. Nxd5 Bxd5 17. Ng5 Bxg5 18.
Rxd5 Qe7 19. Bxg5 Qe6 20. Rad1 Rb8 21. Kh2 Ne7 22. Bh3 Qxd5 23. Rxd5 Nxd5 24. e6 f6 25. Bd2 Nd6 26. f4 f5 27. Bg2 Ne7 28. Bb4 Rbd8 29.
Qe2 Rf6 30. Qe5 h5 31. Kh3 Rg6 32. Bf3 Rh6 33. Kh2 Nec8 34. e7 Re8 35. Bd5+ Kh7 36. Be6 Nxe7 37. Bxd6 cxd6 38. Qxd6 Nc8 39. Bxf5+ Kh8 40.
Qd7 Nd6 41. Bb1 Rf6 42. Kh3 Ref8 43. Qe7 Nf5 44. Bxf5 Rxf5 45. Qe6 R5f6 46. Qe5 g6 47. g4 hxg4+ 48. Kxg4 Kh7 49. Qe7+ R8f7 50. Qe8 Rxf4+ 51. Kg3 Rf3+ 52. Kg2 Rf2+ 53. Kg3 R7f3+ 54. Kg4 Rf8 55. Qe7+ Kg8 56. Qe6+ Kg7 57. Qxa6 Rxb2 58. Qb7+ Rf7 59.
Qd5 Ra2 60. Qe5+ Kh7 61. Qxb5 c3 62. Qc4 Rg2+ 63. Kh3 Rgf2 64. Kg3 c2 65. a6 R7f3+ 66. Kg4 Rf4+ 67. Qxf4 Rxf4+ 68. Kxf4 c1=Q+ 69. Kg4 Qa3 70. a7 Qxa7 71. h5 gxh5+ 72. Kxh5 Qg7 73. Kh4 Qg6 74.
Kh3 Qg5 75. Kh2 Qg4 76. Kh1 Kg6 77. Kh2 Kf5 78. Kh1 Kf4 79. Kh2 Kf3 80. Kh1 Qg2# 0-1

[Event "Late-Titled-Tuesday-Blitz-September-05-2023"]
[Site "Chess.com"]
[Date "2023.09.05"]
[Round "11"]
[White "maurovargas01"]
[Black "boguszp"]
[Result "0-1"]
[WhiteElo "1868"]
[BlackElo "2078"]
[TimeControl "180+1"]
[EndTime "16:05:51 PDT"]
[Termination "boguszp won on time"]

1. e4 e6 2. f4 d5 3. e5 c5 4. Nf3 Nc6 5. Bb5 Bd7 6. Bxc6 Bxc6 7.
O-O Nh6 8. d3 Nf5 9. Qe1 h5 10. c3 d4 11. c4 Be7 12. Nbd2 g6 13.
Ne4 Qd7 14. Bd2 h4 15. h3 Bxe4 16. Qxe4 Ng3 17. Qe1 Nxf1 18. Qxf1 Qc6 19. Be1 O-O-O 20. Nd2 g5 21. Ne4 Rhg8 22. Bd2 gxf4 23. Bxf4 Rg7 24.
Re1 Rdg8 25. Re2 f5 26. exf6 Bxf6 27. Nxf6 Rf8 28. Ne4 Rgf7 29. Rf2 e5 30. Be3 Rxf2 31.
Bxf2 b6 32. Qe2 Qh6 33. Qg4+ Kc7 34. Bxh4 Rf4 35. Bg5 Rxg4 36. Bxh6 Rg6 37. Bd2 a6 38.
g4 Kc6 39. Kg2 b5 40. Kg3 bxc4 41. dxc4 Rg7 42. b3 a5 43. h4 a4 44. g5 axb3 45.
Kg4 bxa2 46. Nf6 a1=Q 47. h5 Qd1+ 48. Kf5 Qxd2 0-1